[Event "Marmaris Icmeler-IM May 2022"]
[Site "Icmeler"]
[Date "2022.05.06"]
[Round "4.5"]
[White "Odeev, Handszar"]
[Black "Nazari, Arad"]
[Result "1/2-1/2"]
[ECO "B50"]
[WhiteElo "2305"]
[BlackElo "2287"]
[Annotator "TA"]
[PlyCount "136"]
[EventDate "2022.05.05"]
[EventType "schev"]
[EventCountry "TUR"]
[SourceTitle "playchess.com"]
[Source "ChessBase"]
[SourceQuality "1"]
[TimeControl "5400+30"]

1. e4 c5 2. Nf3 d6 3. Nc3 a6 4. a3 Nc6 5. d4 cxd4 6. Nxd4 {[%emt 0:00:30] B50: Sicilian: 2...d6, Miscellaneous.} g6 7. Be3 Bg7 8. Be2 {[%emt 0:06:30] White is slightly better.} Nf6 9. Qd2 O-O 10. O-O Bd7 11. Rad1 Rc8 12. Nxc6 Bxc6 13. f3 Qc7 14. Rfe1 Rfd8 {[%emt 0:02:30] [#]} 15. Bf1 $146 ({Predecessor:} 15. Bd3 Nd7 16. Qf2 b5 17. Rd2 Bb7 18. Nd1 Re8 19. c3 Nc5 20. Bc2 a5 21. Bd4 {0-1 (27) Martynov,S (2087)-Sozin,S Abaza 2007}) 15... b5 16. Qf2 Qb7 17. Bb6 Re8 18. Na2 {[%emt 0:01:30] [#]} (18. Be3 $11 {keeps the balance.}) 18... Bxe4 $1 $17 19. Rxe4 (19. fxe4 $2 Ng4 20. c3 Nxf2 $19) (19. Nb4 Nd5) 19... Nxe4 {[%emt 0:00:00][%mdl 64] Discovered Attack} 20. fxe4 Bxb2 21. Bd4 (21. Nb4 $17) 21... Bxa3 $19 ({Not} 21... Bxd4 22. Qxd4 Rxc2 23. Nb4 $17) 22. Nc3 (22. Qf3 $142 Bc5 23. Bxc5 Rxc5 24. Bd3) 22... e5 {[%emt 0:05:30] ...Rxc3 is the strong threat.} 23. Nb1 exd4 24. Nxa3 Qxe4 {[%emt 0:00:30] Hoping for ...Re6.} 25. Bd3 Qe3 {[%emt 0:00:30] Strongly threatening ...Re6.} 26. Nb1 b4 27. Nd2 a5 28. Nc4 Qxf2+ 29. Kxf2 Rc5 30. Ra1 b3 31. cxb3 d5 32. Nxa5 {[%emt 0:07:14] [#]} Re3 (32... Rc3 $1 $17 33. Rd1 Rb8) 33. b4 $15 Rc3 34. Bf1 Rc2+ 35. Kg1 d3 36. Rd1 d2 {[%emt 0:00:30] And now ...Re1 would win.} 37. Kf2 {[%emt 0:00:05] Against Re1} Re6 ({Better is} 37... Re4 $1 $15 38. Nb3 Rxb4 39. Rxd2 Rxd2+ 40. Nxd2 f5) 38. Bd3 Rb2 39. b5 (39. Be2 $11) 39... d4 (39... Re1 $1 $17 40. Be2 {[#]} Rxb5 $3 ) 40. Nc4 Rxb5 41. Rxd2 Rf6+ 42. Kg1 Rb4 43. h3 Re6 44. Kf2 Kg7 45. Rd1 h5 46. Nd2 g5 47. Nf3 g4 48. hxg4 hxg4 49. Ng1 Kf6 50. Ne2 Kg5 51. Rc1 Re3 52. Rc5+ Kh6 53. Rc6+ Kg7 54. Bf5 Rb2 55. Rc2 Rb4 56. Nxd4 Ra3 (56... Re5 $5 57. Rd2 Rd5 $11) 57. Rd2 g3+ 58. Ke2 {[%emt 0:00:19] aiming for Nc2.} Rb8 59. Bd3 Re8+ 60. Kf3 Rd8 61. Ke3 Kf6 62. Ne2 Re8+ 63. Kf4 Rd8 64. Ke3 Kg5 65. Nxg3 Kg4 66. Ne2 f5 67. g3 {[%emt 0:00:16] Against f4+} Rd6 68. Nf4 Rd7 {[%emt 0:01:30] Black had all chances to win.  Weighted Error Value: White=0.11 (very precise) /Black=0.08 (flawless)} 1/2-1/2

[Event "Marmaris Icmeler-IM May 2022"]
[Site "Icmeler"]
[Date "2022.05.07"]
[Round "5.1"]
[White "Hereklioglu, Sude"]
[Black "Toufighi, Homayoon"]
[Result "0-1"]
[ECO "A37"]
[WhiteElo "1918"]
[BlackElo "2439"]
[Annotator "TA"]
[PlyCount "124"]
[EventDate "2022.05.05"]
[EventType "schev"]
[EventCountry "TUR"]
[SourceTitle "playchess.com"]
[Source "ChessBase"]
[SourceQuality "1"]
[TimeControl "5400+30"]

1. e4 e5 2. c4 d6 3. d3 c5 4. Nc3 Nc6 5. g3 g6 6. Nf3 Bg7 7. Bg2 Nge7 8. O-O O-O 9. Bd2 {[%emt 0:00:30] A37: Symmetrical English vs ...g6: 4 Bg2 Bg7 5 Nf3.} f5 10. Nd5 f4 {[%emt 0:00:30] [#]} 11. a3 $146 {[%emt 0:00:30] Black is slightly better.} ({Predecessor:} 11. Rb1 Bg4 12. h3 Bxf3 13. Bxf3 Nd4 14. g4 Nec6 15. Bc3 Ne6 16. Kg2 {0-1 (41) Koskoska,G (2050)-Lazov,T (2336) Struga 2016}) 11... Rb8 12. Rb1 h6 (12... Bg4 $17) 13. b4 $11 g5 14. b5 Nxd5 15. exd5 Ne7 16. Ne1 g4 17. Be4 Qe8 18. Ng2 f3 19. Ne3 Qh5 20. h4 (20. Kh1 $15 {feels stronger.}) 20... Bf6 $17 21. Kh2 {[%emt 0:12:30] [#]} Bxh4 $1 22. Rh1 $1 {[%emt 0:00:30] Hoping for Kg1.} (22. gxh4 Qxh4+ 23. Kg1 g3) 22... Bg5+ $1 23. Kg1 Qf7 24. Qc1 Qf6 25. Rh5 {[%emt 0:00:30][%cal Oe3g4] Strongly threatening Nxg4!} Rf7 26. a4 Rg7 27. Kf1 Qf7 28. Rh1 Bd7 29. Ke1 Kf8 30. Kd1 Ng8 31. Kc2 Nf6 32. Kb3 (32. Nf1 $15) 32... Nxe4 33. dxe4 Qg6 34. Qc2 Kf7 ({Better is} 34... Rh7 $17) 35. a5 (35. Nf5 $11 {remains equal.}) 35... Rh8 (35... h5 $17 36. Nf1 Bf6) 36. a6 b6 {[%emt 0:00:30] Black wants to play ...h5.} 37. Rbg1 (37. Nf5 $11) 37... h5 38. Nf1 Bd8 {[%emt 0:00:00] Black is more active.} 39. Be3 (39. Ne3 Rgh7 40. Nf5 h4 41. gxh4 Bxh4 42. Rxh4 Rxh4 43. Nxh4 Rxh4 $17) 39... Rgh7 40. Nd2 Ke8 41. Qd3 Qf7 42. Nf1 Be7 ({Not} 42... h4 43. gxh4 Bxh4 44. Qb1 $17) 43. Kb2 Kd8 ({Worse is} 43... h4 44. gxh4 Bxh4 45. Qd2 $17) 44. Kb3 Qg8 45. Nd2 Be8 (45... Kc7 $142 46. Nf1 Kb8) 46. Kb2 Bg6 47. Kb3 h4 48. gxh4 Rxh4 49. Rxh4 Rxh4 50. Nf1 Qh7 51. Ng3 (51. Nd2 $142) 51... Rh2 $19 52. Bxc5 $2 (52. Qb1) 52... bxc5 ({Inferior is} 52... dxc5 53. d6 Bh4 54. Qd5 Bxg3 55. Qa8+ Kd7 56. Qc6+ Kd8 57. Qa8+ Kd7 58. Qc6+ Kd8 59. Qa8+ $11) 53. b6 Bf8 $2 (53... Rxf2 $2 54. bxa7 Bg5 55. a8=Q+ $18) (53... Bf6 $19 {and Black stays clearly on top.} 54. Qd2 axb6) 54. b7 $2 {[%emt 0:00:25][%mdl 8192] This move loses the game for White.} (54. Ra1 $17) 54... Qc7 55. Qd2 $2 (55. Nh1) 55... Bh6 56. Qa2 Qb6+ 57. Kc3 Qb4+ 58. Kd3 {[%emt 0:00:04] [#]} Rxf2 $3 {[%emt 0:00:00][%mdl 512] ( -> ...Rd2+)} 59. Qa5+ (59. b8=Q+ Qxb8) 59... Qxa5 {[%emt 0:00:00][%csl Ga5,Gh6][%cal Rf2d2] Black mates.} 60. b8=Q+ Ke7 61. Qb7+ Kf6 62. Nh5+ Bxh5 {[%emt 0:00:00] Weighted Error Value: White=0.64/Black=0.22 (precise)} 0-1

[Event "Marmaris Icmeler-IM May 2022"]
[Site "Icmeler"]
[Date "2022.05.07"]
[Round "5.2"]
[White "Ince, Taylan Ruzgar"]
[Black "Huseyinoglu, Alihan"]
[Result "1-0"]
[ECO "D02"]
[WhiteElo "2018"]
[BlackElo "2278"]
[Annotator "TA"]
[PlyCount "103"]
[EventDate "2022.05.05"]
[EventType "schev"]
[EventCountry "TUR"]
[SourceTitle "playchess.com"]
[Source "ChessBase"]
[SourceQuality "1"]
[TimeControl "5400+30"]

1. d4 d5 2. g3 b6 3. Bg2 Nf6 4. Nf3 Bb7 5. c4 dxc4 6. Qa4+ {[%emt 0:00:30] D02: 1 d4 d5 2 Nf3 sidelines, including 2...Nf6 3 g3 and 2...Nf6 3 Bf4.} Nc6 $2 (6... Nbd7 $11) 7. Qxc4 $2 {[%emt 0:00:30] [#]} (7. Ne5 $18 Nd5 8. Nc3 (8. Qxc4 Nxe5 9. dxe5 e6 $14)) 7... e6 (7... Nxd4 $1 $11 8. Nc3 (8. Ne5 Bd5 $17) 8... e6 $1) 8. O-O $14 {[%emt 0:00:30] [#] White is slightly better.} Be7 $146 ({Predecessor:} 8... Qd7 9. b3 O-O-O 10. e3 Bd6 11. Bb2 Rhe8 12. Nbd2 e5 13. Qc2 Nb4 14. Qd1 exd4 15. Bxd4 {0-1 (35) Platonova,A-Namzhilov,T Ulan-Ude 2012}) 9. Nc3 O-O 10. Rd1 Rc8 11. Qa4 a6 12. e4 Na5 13. Qc2 Qe8 14. Bg5 c5 15. d5 {[%emt 0:01:30] And now d6 would win.} exd5 (15... h6 $14 16. Bxf6 Bxf6) 16. exd5 $16 ({Resist} 16. Nxd5 $6 Rd8 $14) 16... Rd8 (16... Qd7 $16) 17. Re1 $1 $18 Qd7 (17... Bxd5 $2 18. Bxf6 gxf6 19. Nxd5 Rxd5 20. Qe4 $18) 18. Rad1 {[%emt 0:02:30] Hoping for Ne5.} Qc7 19. d6 Rxd6 20. Bf4 Bxf3 21. Bxd6 ({Better is} 21. Bxf3 $18 {Strongly threatening Qe2.} Rxd1 22. Qxd1 (22. Bxc7 Rxe1+ 23. Kg2 Re6 $11)) 21... Bxd1 $16 22. Bxc7 {[%emt 0:00:00] White is more active.} Bxc2 23. Rxe7 Re8 24. Rxe8+ Nxe8 25. Bxb6 Nc4 26. Bxc5 {[%emt 0:00:30] Threatens to win with b3.} Nxb2 27. Kf1 Nc7 28. Ke2 Ne6 29. Ba7 {[%emt 0:01:30] This bishop pair is nice.} Kf8 {[%emt 0:00:54] [#]} (29... Bg6 $16 {is a better defense.}) 30. Kd2 $1 $18 Bf5 {[%emt 0:02:25] [#]} 31. Bf1 {[%emt 0:00:00] Prevents Nc4+.} a5 32. a4 $2 (32. Bb6 $18) 32... Ng5 $2 (32... Ke7 $16 {keeps fighting.}) 33. Bc5+ Kg8 34. Ba3 Nf3+ 35. Ke3 Nxh2 36. Be2 ({And not} 36. Bxb2 Nxf1+ 37. Ke2 Nh2 $14) 36... Nxa4 37. Nxa4 {[%emt 0:00:00] Black must now prevent f3.} Ng4+ 38. Kf4 Bc2 39. Bxg4 Bxa4 40. Ke5 Bb3 41. Kd6 g6 $2 (41... a4 {might work better.} 42. Ke7 h6) 42. Ke7 f5 (42... a4 $142 43. Kf6 Kh8) 43. Be2 {[%emt 0:00:30] Kf6 is the strong threat.} Kg7 44. Bb2+ Kg8 45. Kf6 a4 46. f4 Ba2 47. Ba3 Bb3 48. Bb5 Kh8 49. Kg5 $2 (49. Bd7 Kg8 50. Bd6) 49... Kg7 {[%emt 0:01:13] White has a decisive advantage.} 50. Bb2+ Kf7 51. Kh6 Kg8 52. Bc6 {[%emt 0:00:00] Weighted Error Value: White=0.35/Black=0.38} 1-0

[Event "Marmaris Icmeler-IM May 2022"]
[Site "Icmeler"]
[Date "2022.05.07"]
[Round "5.3"]
[White "Taspinar, Yanki"]
[Black "Darban, Morteza"]
[Result "0-1"]
[ECO "B19"]
[WhiteElo "2176"]
[BlackElo "2279"]
[Annotator "TA"]
[PlyCount "118"]
[EventDate "2022.05.05"]
[EventType "schev"]
[EventCountry "TUR"]
[SourceTitle "playchess.com"]
[Source "ChessBase"]
[SourceQuality "1"]
[TimeControl "5400+30"]

1. e4 c6 2. d4 d5 3. Nc3 dxe4 4. Nxe4 Bf5 5. Ng3 Bg6 6. Nf3 Nd7 7. h4 h6 8. h5 Bh7 9. Bd3 Bxd3 10. Qxd3 e6 11. Bd2 Ngf6 12. O-O-O Qc7 13. Qe2 c5 {[%emt 0:00:30] was the old line (13...0-0-0).} 14. Rh4 Be7 {[%emt 0:00:30] B19: Classical Caro-Kann: 4...Bf5 main line.} 15. dxc5 Nxc5 16. Rc4 b5 $1 {[%emt 0:00:30] Black is slightly better.} 17. Rd4 Qb7 {[%emt 0:00:30] [#]} 18. Bf4 $146 ({Predecessor:} 18. Ne5 O-O 19. f3 Rfc8 20. Kb1 a5 21. Ng4 b4 22. Nxf6+ Bxf6 23. Rc4 Na4 24. Ne4 Be7 25. Bc1 Rxc4 26. Qxc4 Rc8 27. Qd3 Qc6 28. g4 {½-½ (29) Smikovski,I (2492)-Volzhin,A (2548) Samara 2000}) 18... O-O 19. Be5 Rfc8 20. Kb1 a5 21. Nh2 Ncd7 (21... Qxg2 $2 22. Nf3 $18) 22. Bd6 (22. Bf4 $17 {was necessary.}) 22... Bxd6 $19 23. Rxd6 Nc5 ({Don't do} 23... Qxg2 24. Nf3 Rc4 25. Rg1 $16 (25. Rxd7 Nxd7 26. Rxd7 Rf4 $11)) 24. Qf3 (24. R6d2 $142) 24... Qc7 $1 $17 {[%emt 0:03:30][%cal Oc5e4] White must now prevent ...Nce4!} 25. R6d2 b4 26. Ng4 Nxg4 27. Qxg4 Na4 {[%emt 0:00:30][%cal Oa4c3] ...Nc3+! is the strong threat.} 28. Ka1 Qe5 29. Rb1 Rd8 30. Qd1 (30. Qe4 $17 Qg5 31. Rxd8+ Rxd8 32. Qf3) 30... Rxd2 $19 31. Qxd2 {[%emt 0:00:02] [#]} Rc8 $1 32. Qd7 (32. f4 $142 Qf6 33. Ne4) 32... Nb6 33. Qb7 (33. Qd3 $142) 33... Qd4 34. Qe4 Qxf2 35. Ne2 Rd8 36. Nc1 Rd2 37. Nb3 Rxc2 38. Nxa5 Nd5 {[%emt 0:00:08][%cal Od5c3] Threatens to win with ...Nc3!} 39. Nb3 Ne3 40. Qa8+ Kh7 {[%emt 0:00:02] And now ...Rc4 would win. Active counter play!} 41. Qe4+ (41. Qf3 $142) 41... f5 42. Qf3 {[%emt 0:00:41] [#]} Rd2 $2 43. Rc1 $2 {[%emt 0:00:26][%mdl 8192] Loses the game.} (43. a4 $17 bxa3 44. Nxd2 Qxd2 45. Qg3) 43... Rxb2 44. Qxf2 Rxf2 {[%emt 0:00:02][%mdl 4096] Endgame KRN-KRN} 45. Nd4 e5 46. Ne6 Nc2+ 47. Kb1 Na3+ 48. Ka1 Kg8 {[%emt 0:00:59] aiming for ...e4.} 49. Nc5 e4 50. Na6 Nc2+ 51. Kb1 {[%emt 0:00:05] [#]} e3 $1 {[%emt 0:00:40][%cal Oe3e2] ( -> ...e2!)} 52. Nc5 (52. Rxc2 e2) 52... Na3+ {[%emt 0:00:24] Black mates.} 53. Ka1 Rxg2 54. Nd3 Rd2 55. Ne1 e2 56. Nf3 Rd3 57. Rc8+ Kh7 58. Ne1 Rd1+ 59. Kb2 Rb1# {[%emt 0:00:01] Weighted Error Value: White=0.85/Black=0.33} 0-1

[Event "Marmaris Icmeler-IM May 2022"]
[Site "Icmeler"]
[Date "2022.05.07"]
[Round "5.4"]
[White "Kilic, Eray"]
[Black "Odeev, Handszar"]
[Result "0-1"]
[ECO "C41"]
[WhiteElo "2192"]
[BlackElo "2305"]
[Annotator "TA"]
[PlyCount "96"]
[EventDate "2022.05.05"]
[EventType "schev"]
[EventCountry "TUR"]
[SourceTitle "playchess.com"]
[Source "ChessBase"]
[SourceQuality "1"]
[TimeControl "5400+30"]

1. e4 e5 2. Nf3 d6 3. d4 exd4 4. Nxd4 Nf6 5. Nc3 Be7 6. Be2 O-O 7. O-O Re8 8. f4 Bf8 9. Bf3 c6 10. Nb3 {[%emt 0:00:30] [#] C41: Philidor Defence.} (10. Re1 $14) 10... a5 $146 ({Predecessor:} 10... Nbd7 11. Be3 Qc7 12. Qe2 Nb6 13. Rad1 Be6 14. Nd2 Rad8 15. f5 Bc8 16. Bf4 Nbd7 17. Nc4 Ne5 18. Kh1 b5 {½-½ (18) Woinowski,M (1731)-Rollwitz,J (1987) Berlin 2014}) 11. Re1 a4 12. Nd4 {[%emt 0:04:30] The position is equal.} a3 13. Nb3 (13. b3 $11) 13... axb2 $15 14. Bxb2 Nbd7 15. Kh1 Nb6 16. e5 (16. Qd3 $15) 16... dxe5 $17 17. fxe5 {[%emt 0:08:30] [#] Threatens to win with Qxd8.} Qxd1 18. Nxd1 Nc4 19. Bc3 Nd7 {[%emt 0:02:21][%cal Rd7e5] Black is more active.} 20. Nb2 Na3 ({Weaker is} 20... Ncxe5 21. Nc4 f6 22. a4 $15) 21. Rad1 Nxc2 22. Re4 (22. Re2 $142 Na3 23. Nd3) 22... Nb6 {[%emt 0:06:23] Strongly threatening ...Nd5.} 23. Rd2 (23. Rc1 $142) 23... Na3 $19 {[%emt 0:00:04] Hoping for ...Nb1.} 24. Bb4 Bf5 25. Rf4 Rxe5 {[%emt 0:00:11][%cal Re5e1] [#]} 26. g4 Be6 27. Bxf8 Kxf8 ({Avoid the trap} 27... Rxf8 $2 28. Kg1 $19) ({But not} 27... Re1+ $2 28. Kg2 Kxf8 29. Nc5 Bxa2 30. Kf2 $19) 28. Nd3 {[%emt 0:00:30] Prevents Re1+.} Re3 29. Ndc5 Bd5 30. Bxd5 Nxd5 31. Rf1 (31. Re4 $142) 31... b6 32. Nb7 Nc4 {[%emt 0:00:35] Prevents Nd6.} 33. Rc2 Re4 34. Nd2 Nxd2 35. Rxd2 Re6 {[%emt 0:00:41] Prevents Nd6.} 36. Rb1 Ke7 37. Rc1 Rb8 38. Rxd5 cxd5 {[%emt 0:00:02][%mdl 4096] Endgame KRR-KRN} 39. Rc7+ Ke8 40. Kg2 d4 {[%emt 0:00:10][%cal Ob8b7] White must now prevent ...Rxb7!} 41. Rc4 Rxb7 42. Rxd4 Re2+ 43. Kg3 Rxa2 44. h4 b5 45. Re4+ Kd7 {[%emt 0:00:13] ( -> ...b4)} 46. h5 b4 {[%emt 0:00:06] Black mates.} 47. g5 b3 48. Rf4 b2 {[%emt 0:00:28] Black took control after the opening.  Weighted Error Value: White=0.44/Black=0.07 (flawless)} 0-1

[Event "Marmaris Icmeler-IM May 2022"]
[Site "Icmeler"]
[Date "2022.05.07"]
[Round "5.5"]
[White "Nazari, Arad"]
[Black "Sevdimaliyev, Urfan"]
[Result "1-0"]
[ECO "B06"]
[WhiteElo "2287"]
[BlackElo "2331"]
[Annotator "TA"]
[PlyCount "77"]
[EventDate "2022.05.05"]
[EventType "schev"]
[EventCountry "TUR"]
[SourceTitle "playchess.com"]
[Source "ChessBase"]
[SourceQuality "1"]
[TimeControl "5400+30"]

1. e4 g6 2. d4 Bg7 3. Nc3 d5 4. exd5 Nf6 5. Bc4 Nbd7 6. Bb3 {[%emt 0:00:30] B06: Modern Defence.} Nb6 7. Qf3 O-O 8. Nge2 {[%emt 0:00:30] White is slightly better.} Bg4 9. Qg3 {[%emt 0:00:30] [#]} Bxe2 $146 ({Predecessor:} 9... a5 10. a4 Bxe2 11. Nxe2 Nbxd5 12. O-O c6 13. Qf3 Qd7 14. Bd2 Qg4 15. Qxg4 Nxg4 {½-½ (59) Nemec,V (2176)-Brajdic,D (2121) Croatia 2017}) 10. Nxe2 Nfxd5 11. O-O a5 12. c3 a4 13. Bc2 Qd6 14. Nf4 e5 15. Nxd5 Qxd5 16. dxe5 Bxe5 17. Bf4 Bxf4 18. Qxf4 Qd6 19. Qxd6 cxd6 20. Rad1 d5 {[%emt 0:00:30] Prevents Be4.} 21. Rd4 a3 22. Rb4 Nc4 23. b3 $36 {[%emt 0:00:30][%mdl 2048] White is pushing.} Na5 ({Black should play} 23... Nb2 $11) 24. Rc1 Rfe8 (24... Rfc8 $14 25. Bd1 Rc7) 25. Bd1 $2 {[%emt 0:00:30][%mdl 8192] [#]} (25. Kf1 $16) 25... Re5 $2 (25... Re1#) 26. Ra4 $2 (26. Bf3 $16) 26... Ree8 $4 (26... Re1# {mates}) 27. Bf3 $18 Nc6 28. Rxa8 ({Much less strong is} 28. Bxd5 $6 Rxa4 29. bxa4 Rd8 $14) 28... Rxa8 29. Bxd5 {[%emt 0:00:30][%mdl 4096] Endgame KRB-KRN} Rd8 {[%emt 0:00:30] [#]} 30. Rd1 Rf8 (30... Kf8 $16) 31. Bf3 Rc8 32. Bxc6 Rxc6 {[%emt 0:00:30] KR-KR} 33. c4 Rc7 (33... Kf8 $142 34. Kf1 Ke7) 34. Kf1 b5 (34... Kf8 {is a better defense.} 35. Rd8+ Ke7) 35. cxb5 Rc5 $2 (35... Rc8 36. Ke2 Kf8) 36. b6 Rb5 37. Rd4 (37. Rd8+ $142 Kg7 38. Rd6) 37... Rxb6 38. Ra4 Rc6 39. g3 {[%emt 0:00:30] Weighted Error Value: White=0.69/Black=0.57} 1-0

[Event "Marmaris Icmeler-IM May 2022"]
[Site "Icmeler"]
[Date "2022.05.07"]
[Round "6.1"]
[White "Huseyinoglu, Alihan"]
[Black "Hereklioglu, Sude"]
[Result "1-0"]
[ECO "E74"]
[WhiteElo "2278"]
[BlackElo "1918"]
[Annotator "TA"]
[PlyCount "125"]
[EventDate "2022.05.05"]
[EventType "schev"]
[EventCountry "TUR"]
[SourceTitle "playchess.com"]
[Source "ChessBase"]
[SourceQuality "1"]
[TimeControl "5400+30"]

1. d4 Nf6 2. c4 g6 3. Nc3 Bg7 4. e4 d6 5. Be2 Nbd7 6. Bg5 c5 7. d5 O-O 8. Qd2 Qa5 9. Nf3 a6 10. O-O Rb8 11. a4 Re8 12. h3 {[%emt 0:07:30] E74: King's Indian: Averbakh Variation: 6...c5.} Qb4 13. Qc2 {[%emt 0:05:30] Strongly threatening a5.} e6 {[%emt 0:11:30] [#]} (13... Qb6 $16) 14. Bd3 $2 {[%emt 0:05:30] [#]} (14. a5 $1 $18 {and the rest is easy.} b5 15. cxb5 axb5 16. a6) 14... Qb6 $146 ({Predecessor:} 14... exd5 15. exd5 Ne5 16. Nxe5 dxe5 17. Bd2 Qb6 18. a5 Qd6 19. Rfe1 b6 20. axb6 Qxb6 {1-0 (60) Ovezova,M (2163)-Isaeva,G Ashkhabad 2000}) 15. a5 Qc7 16. dxe6 {[%emt 0:00:30] White is more active.} fxe6 17. e5 Nxe5 (17... dxe5 $16 18. Rfd1 b6) 18. Nxe5 $18 dxe5 19. Bxf6 Bxf6 {[%emt 0:00:00] [#]} 20. Bxg6 $1 Rf8 (20... Re7 21. Be4) 21. Be4 Kh8 22. Ra3 Rg8 (22... b5 $142) 23. Rd1 b6 24. axb6 Rxb6 25. Na4 Rb4 26. Rad3 Rg7 27. b3 Rb8 28. Qe2 {[%emt 0:05:30] Qf3 is the strong threat.} Bb7 29. Qf3 Bxe4 30. Qxe4 Rbg8 (30... Rf8 $142 31. Rd6 Qf7 32. Rxa6 (32. Nxc5 Be7 $14) 32... Bg5) 31. g3 Bg5 32. Rf3 {[%emt 0:04:30] Prevents Rf8.} Rg6 33. Kf1 h5 $2 (33... Bh6 34. Rfd3 R6g7) 34. Rfd3 {[%emt 0:04:30] Black must now prevent Rd7.} R8g7 {[%emt 0:01:37] Inhibits Rd7.} 35. h4 Bf6 36. Qf3 Kg8 37. Nc3 e4 38. Nxe4 Bd4 39. Rxd4 cxd4 40. Rxd4 Qe5 41. Rd8+ Kh7 42. Ng5+ Rxg5 43. hxg5 {[%emt 0:00:03] The board is on fire.} Qxg5 {[%emt 0:00:08][%mdl 4096] Endgame KQR-KQR} 44. Qe4+ (44. Rf8 $142) 44... Rg6 $2 (44... Qf5 45. Qxf5+ exf5) 45. Rd7+ Kh6 46. Qb7 Qf6 47. Rh7+ Kg5 48. Qe4 e5 49. Qh4+ Kf5 50. Rxh5+ Ke6 51. Qh3+ Kd6 52. Qg2 (52. Qc8 $142 Qg7 53. Rh8 Ke7 54. Re8+ Kd6 55. Rd8+ Ke7 56. c5 Kf6 57. Rf8+ Qf7 58. c6) 52... Qf7 (52... Kc7 $18 53. Qd5 Rxg3 54. Rxe5 Rf3 55. Qc5+ Kd8 56. Qd4+ Kc7 57. Qa7+ Kd8) 53. Qe4 Qe6 {[%emt 0:01:01] [#]} 54. Rxe5 $3 Qxe5 55. Qxg6+ {[%emt 0:00:04] KQ-KQ} Kc5 56. Qxa6 {[%emt 0:00:16] White mates.} Qc3 57. Qb5+ Kd6 58. Qd5+ Kc7 59. c5 Qc1+ 60. Kg2 Qe1 61. c6 Kb6 62. Qc4 Kc7 63. b4 {[%emt 0:00:08] Weighted Error Value: White=0.30/Black=0.82} 1-0

[Event "Marmaris Icmeler-IM May 2022"]
[Site "Icmeler"]
[Date "2022.05.07"]
[Round "6.2"]
[White "Darban, Morteza"]
[Black "Ince, Taylan Ruzgar"]
[Result "1/2-1/2"]
[ECO "B40"]
[WhiteElo "2279"]
[BlackElo "2018"]
[Annotator "TA"]
[PlyCount "116"]
[EventDate "2022.05.05"]
[EventType "schev"]
[EventCountry "TUR"]
[SourceTitle "playchess.com"]
[Source "ChessBase"]
[SourceQuality "1"]
[TimeControl "5400+30"]

1. e4 c5 2. Nf3 e6 3. g3 Nc6 4. Bg2 Nf6 5. Qe2 e5 6. O-O {[%emt 0:00:30] B40: Sicilian: 2...e6, Unusual lines.} Be7 7. Nc3 O-O 8. d3 {[%emt 0:00:30] [#]} h6 $146 ({Predecessor:} 8... d6 9. Bg5 Bg4 10. Bxf6 Bxf6 11. Nd5 Be7 12. c3 Qd7 13. a3 Bd8 14. Qc2 Ne7 {0-1 (28) Korchmar,V (2450)-Yoo,C (2532) Chess.com INT 2022}) 9. Ne1 Nd4 10. Qd2 b5 11. f4 d6 12. Nd1 Re8 13. Ne3 Bb7 14. Qf2 exf4 15. gxf4 Bf8 16. Nf3 Nxf3+ (16... Ne6 $11) 17. Bxf3 $14 Qd7 18. Qg2 Kh7 (18... Rab8 $14) 19. b3 g6 20. Bb2 Bg7 21. Rab1 Rg8 22. Kh1 Rae8 (22... Nh5 $14) 23. f5 $16 Qd8 (23... b4 $142) 24. Rg1 $36 {[%emt 0:06:30][%cal Rf5g6][%mdl 2048] Black is under strong pressure.} Bh8 25. Qh3 Bc8 26. Rbf1 {[%emt 0:06:00] White is more active.} (26. c4 $16) 26... Ref8 $2 (26... d5 $1 $14) 27. Bc1 $18 Bg7 28. Be2 (28. Bb2 Nh5 29. Bxg7 Nxg7) 28... Qe7 29. Rf4 Rh8 30. Rh4 ({But not} 30. Bb2 Qd8 31. Qh4 Bb7 $16) (30. Qg2 $18 {[%cal Rf5g6] is more deadly.} g5 31. h4) 30... Kg8 $16 31. Qg2 g5 32. Rh3 Rd8 33. Rg3 Kf8 34. c4 {[%emt 0:00:47] Against d5} b4 (34... bxc4 $142 35. bxc4 Bb7) 35. h4 Bb7 36. Bf3 Ke8 37. Rh3 Kd7 38. Bb2 {[%emt 0:00:30] Hoping for e5.} Kc8 {[%emt 0:01:46] [#]} 39. Qd2 ({Don't play} 39. hxg5 hxg5 40. Kh2 Rxh3+ 41. Kxh3 Rh8+ 42. Kg3 d5 43. cxd5 {[#]} Nxd5 $1 44. Bxg7 (44. Nxd5 Qd6+ 45. Kf2 Bxb2 $17) 44... Nxe3 $17) (39. Qf1 $1 $16) 39... Kb8 (39... Rhg8 $11) 40. Kg2 (40. Qe1 $14) 40... Rdg8 (40... Rhg8 $5 41. Kf1 Nd7 $11) 41. Kf1 gxh4 (41... Nd7 $11 {keeps the balance.}) 42. Qf2 (42. Qh2 $16) 42... Ne8 $1 $11 {[%emt 0:01:29] [#]} 43. Rxg7 $1 Rxg7 (43... Nxg7 $2 44. f6 Qf8 45. fxg7 Rxg7 46. Rxh4 $18) 44. f6 Nxf6 45. Nf5 {[%emt 0:00:01] Dancing on a razor blade.} Qe6 {[%emt 0:00:08] Threatens to win with ...Rg6.} 46. Qxh4 ({White should try} 46. Qh2 $1 $11 Rg6 47. Nxd6) 46... Rg6 $15 47. Qf4 Rd8 (47... Rhg8 $17 48. Rxh6 Rxh6 49. Qxh6 Ng4 50. Qxe6 Nh2+ 51. Ke2 fxe6 52. Nxd6 Nxf3 53. Kxf3 Kc7) 48. Rxh6 Rxh6 49. Qxh6 Nxe4 50. dxe4 $11 {[%emt 0:00:29] The position is equal.} Bxe4 51. Qxe6 {[%emt 0:00:50][%mdl 64] Remove Defender} fxe6 52. Bxe4 {[%emt 0:00:08][%cal Of5d6] Strongly threatening Nxd6!} exf5 53. Bd5 Rd7 54. Bc1 Rh7 55. Bf4 Kc7 56. Kf2 Rh4 57. Bg3 {[%emt 0:00:04] A strong pair of Bishops.} Rd4 {[%emt 0:00:21] And now ...Rd2+ would win.} 58. Ke2 {[%emt 0:00:09] Prevents Rd2+.} Rg4 {[%emt 0:00:08] Black defended with fortune.  Weighted Error Value: White=0.18 (very precise) /Black=0.21 (precise)} 1/2-1/2